 Dungeon Crawl Stone Soup version 0.25.0-11-g1f837a76a1 (webtiles) character file.

Game seed: 16815125327657788874

32 funkygono the Shield-Bearer (level 3, 23/23 HPs)
             Began as a Gargoyle Fighter on June 25, 2020.
             Got out of the dungeon alive.
             The game lasted 00:02:11 (1047 turns).

funkygono the Shield-Bearer (Gargoyle Fighter)      Turns: 1047, Time: 00:02:11

Health: 23/23      AC: 10    Str: 20    XL:     3   Next: 25%
Magic:  3/3        EV:  7    Int:  8    God:
Gold:   74         SH:  9    Dex:  9    Spells: 2/2 levels left

rFire    . . .     SeeInvis .   a - +0 flail
rCold    . . .     Gourm    .   c - +0 kite shield
rNeg     + . .     Faith    .   b - +0 scale mail
rPois    ∞         Spirit   .   (no helmet)
rElec    +         Reflect  .   (no cloak)
rCorr    .         Harm     .   (no gloves)
MR       .....                  (no boots)
Stlth    ..........             l - amulet of inaccuracy (curse)
HPRegen  0.07/turn              (no ring)
MPRegen  0.08/turn              (no ring)

@: no status effects
A: negative energy resistance 1, electricity resistance, unbreathing,
petrification resistance, rot immunity, AC +3
a: no special abilities


You escaped.
You were not hungry.

You visited 1 branch of the dungeon, and saw 2 of its levels.

You collected 74 gold pieces.

Inventory:

Hand Weapons
 a - a +0 flail (weapon)
Missiles
 m - 50 stones (quivered)
Armour
 b - a +0 scale mail (worn)
 c - a +0 kite shield (worn)
Jewellery
 l - a cursed amulet of inaccuracy (around neck)
Potions
 d - a potion of might
 e - a potion of haste {unknown}
 h - a potion of resistance {unknown}
 i - 2 potions of stabbing
 k - a potion of lignification {unknown}
Comestibles
 f - 2 rations


   Skills:
 + Level 3.4 Fighting
 + Level 2.3 Maces & Flails
 + Level 3.8 Armour
 + Level 3.8 Shields


You had 2 spell levels left.
You didn't know any spells.
Your spell library was empty.

Dungeon Overview and Level Annotations

Branches:
Dungeon (2/15)

Altars:


Innate Abilities, Weirdness & Mutations

You are resistant to torment.
Your stone body is resilient. (AC +3)
You are immune to poison.
You resist negative energy. (rN+)
You are resistant to electric shocks. (rElec)
You can survive without breathing.
You are immune to petrification.
You are immune to rotting.


Message History

You closely miss the giant cockroach.
The giant cockroach bites you but does no damage.
You closely miss the giant cockroach. The giant cockroach barely misses you.
The giant cockroach bites you but does no damage.
You hit the giant cockroach but do no damage.
The giant cockroach bites you but does no damage.
Your shield prevents you from hitting the giant cockroach.
The giant cockroach bites you. You block the giant cockroach's attack.
You miss the giant cockroach. You block the giant cockroach's attack.
The giant cockroach closely misses you.
You miss the giant cockroach. The giant cockroach closely misses you.
You thump the giant cockroach!
You kill the giant cockroach!
You see here a giant cockroach corpse.
All of the chunks of flesh in your inventory have rotted away.
You open the door.
There is an open door here.
There is a staircase leading out of the dungeon here.
Are you sure you want to leave the Dungeon?
This will make you lose the game!
You have escaped!

#.########'########....†>..
#.# #.# #.####### #.# #.#
#.# #.# #.# #.# #.# ##.##
#.# #.# ##...## #.# #.#
##.....## #.#
#.#####.......#####.#
#.'.......@.......+.#
#######.......#####.#
##.....#####[.#
##...##.....## ##.##..#####
#.##.## #.##.# #.##.#
#+#..#


There were no monsters in sight!

Vanquished Creatures
  A dart slug (D:1)
  2 leopard geckos
  4 bats
  2 giant cockroaches (D:1)
  2 goblins
  A hobgoblin (D:1)
  4 jackals (D:1)
  A quokka (D:2)
  A frilled lizard (D:1)
  6 kobolds
  2 rats
26 creatures vanquished.

Notes
Turn   | Place    | Note
-------+----------+-------------------------------------------
     0 | D:1      | funkygono the Gargoyle Fighter began the quest for the Orb.
     0 | D:1      | Reached XP level 1. HP: 14/14 MP: 1/1
   216 | D:1      | Reached XP level 2. HP: 19/19 MP: 2/2
   754 | D:2      | Reached XP level 3. HP: 22/23 MP: 3/3
  1047 | D:$      | Got out of the dungeon alive.

Illustrated notes

Levels and vault maps discovered:
D:1:      evilmike_arrival_plus, layout_basic
D:2:      layout_rooms, lemuel_round_altar

Action                   || total
-------------------------++-------
Melee: Flail             ||   167
  Use: Scroll            ||     3
  Eat: Chunk             ||     1
Armor: Scale mail        ||    88
Dodge: Dodged            ||    52
Block: Kite shield       ||   113
